AoeStats
← 文風

Arena

506101287Analyzed
1v1 RM · 19d ago on Sep 12, 2026· 33m 42s· 2 players
Game mode
Random Map
Map size
Tiny (2 player)
Population
200
Speed
Normal
Resources
Standard
Victory
Conquest
Starting age
Dark Age
Ending age
Imperial Age
RankedLock teamsTeams togetherTeam positionsShared explorationLock speedFull tech treeHidden civsTurbo modeCheats
Victory
Defeat
🇭🇰 Turks · Hong Kong SAR China
1399
+15
🇵🇹 Spanish · Portugal
1375
-15
TriTone
9:59 Feudal Age
11:28 Loom
14:16 Castle Age
20:52 Double-Bit Axe
26:43 Fletching
26:54 Padded Archer Armor
28:11 Horse Collar
28:24 Elite Skirmisher
31:51 Bodkin Arrow
33:17 Leather Archer Armor
34:31 Wheelbarrow
文風
11:44 Feudal Age
13:15 Double-Bit Axe
13:22 Gold Mining
16:08 Castle Age
21:28 Imperial Age
30:31 Horse Collar
34:15 Padded Archer Armor
Connection lost

Rejoining the realm…

Still unreachable

The connection could not be restored.

Session expired

The server has moved on; the page needs a fresh start.